 Dungeon Crawl Stone Soup version 0.28.0-53-g5a82cb258f (webtiles) character file.

Game seed: 14978416759513230717

487 selky the Cleaver (level 6, 0/51 HPs)
             Began as a Minotaur Monk on July 8, 2022.
             Was an Initiate of Ru.
             Slain by a water moccasin (7 damage)
             ... on level 5 of the Dungeon.
             The game lasted 00:02:54 (3636 turns).

selky the Cleaver (Minotaur Monk)                   Turns: 3636, Time: 00:02:55

Health: 0/51       AC:  7    Str: 18    XL:     6   Next: 89%
Magic:  4/4        EV: 10    Int:  7    God:    Ru [......]
Gold:   205        SH:  0    Dex: 12    Spells: 5/5 levels left

rFire   . . .      SeeInvis .   l - +0 war axe
rCold   . . .      Faith    .   (no shield)
rNeg    . . .      Spirit   .   g - +0 scale mail
rPois   .          Reflect  .   (helmet restricted)
rElec   .          Harm     .   h - +0 cloak
rCorr   .          Rampage  .   (no gloves)
Will    .....                   (no boots)
Stlth   ..........              (no amulet)
HPRegen 0.17/turn               (no ring)
MPRegen 0.09/turn               (no ring)

@: lethally poisoned (0 -> -8), invisible
A: horns 2, low MP 1, retaliatory headbutt
a: Renounce Religion


You were on level 5 of the Dungeon.
You worshipped Ru.
Ru was noncommittal.
You visited 1 branch of the dungeon, and saw 5 of its levels.

You collected 205 gold pieces.

Inventory:

Hand Weapons
 a - a +0 hand axe
 l - a +0 war axe (weapon)
Armour
 b - a +0 robe
 g - a +0 scale mail (worn)
 h - a +0 cloak (worn)
Wands
 q - a wand of iceblast (10)
Scrolls
 d - a scroll of immolation {unknown}
 e - a scroll of vulnerability {unknown}
 i - a scroll of holy word {unknown}
 k - a scroll of blinking {unknown}
 m - a scroll of fog {unknown}
 n - a scroll of amnesia {unknown}
 o - 3 scrolls of identify {unknown}
 s - a scroll of teleportation {unknown}
Potions
 c - a potion of invisibility
 f - 2 potions of degeneration {unknown}
 j - a potion of attraction {unknown}
 p - 3 potions of heal wounds {unknown}
 r - a potion of lignification {unknown}


   Skills:
 - Level 3.6 Fighting
 + Level 9.5 Axes
 - Level 3.2 Dodging
 - Level 1.5 Stealth


You had 5 spell levels left.
You didn't know any spells.
Your spell library contained the following spells:

 Spells                   Type           Power      Damage    Failure   Level
 Inner Flame              Hex/Fire       0%         N/A       99%         3
 Animate Dead             Necr           0%         N/A       100%        4
 Cause Fear               Hex            0%         N/A       100%        4
 Summon Lightning Spire   Summ/Air       0%         N/A       100%        4
 Borgnjor's Vile Clutch   Necr/Erth      0%         N/A       100%        5
 Death Channel            Necr           0%         N/A       100%        6
 Storm Form               Tmut/Air       0%         N/A       100%        7
 Discord                  Hex            0%         N/A       100%        8
 Maxwell's Capacitive Co  Air            0%         ∞         100%        8


Dungeon Overview and Level Annotations

Branches:
Dungeon (5/15)
 Temple: D:4-7

Altars:
Ru
Yredelemnul


Innate Abilities, Weirdness & Mutations

You have a pair of horns on your head.
Your magical capacity is low. (-10% MP)
You reflexively headbutt those who attack you in melee.


Message History

You hit the water moccasin. The water moccasin bites you.
You completely miss the water moccasin.
The water moccasin is heavily wounded.
You slash the orc!
You kill the orc!
The water moccasin bites you but does no damage.
You barely miss the water moccasin.
The water moccasin is heavily wounded.
The water moccasin bites you. x2
You are poisoned.
The water moccasin poisons you!
You closely miss the water moccasin.
The water moccasin is heavily wounded.
You feel very sick. The water moccasin closely misses you.
You slash the water moccasin!
The water moccasin is severely wounded.
You feel sick. The water moccasin bites you!
You are more poisoned.
The water moccasin poisons you! The water moccasin closely misses you.
You furiously retaliate!
You headbutt the water moccasin, but do no damage.
You barely miss the water moccasin.
Your headbutt misses the water moccasin.
The water moccasin is severely wounded.
You feel very sick. The water moccasin bites you.
* * * LOW HITPOINT WARNING * * *
You closely miss the water moccasin.
The water moccasin is severely wounded.
* * * LOW HITPOINT WARNING * * *
You feel very sick.
The water moccasin bites you but does no damage.
Unknown command.
It was a potion of invisibility.
You fade into invisibility!
* * * LOW HITPOINT WARNING * * *
You feel very sick. The water moccasin bites you!
You die...

#.# #.# ##'## . ##.#
##...###### . ...#
##.....#.... #.##..#
##........### #.#...##
#.........###
#.#......
+........P≈≈≈
#.....S)#
#........P≈≈♣
#.####)@#
##.......≈.≈≈
#.......# ##.....#.PPP
#######.## ##...##.###
#...# ##'###.... #...#
#.# #####
####...#######.#######
#............#........
#...............####PP
#......†.............P


You could see a water moccasin.

Vanquished Creatures
  A necrophage (D:5)
  2 scorpions
  A centaur skeleton (D:5)
  An iguana (D:4)
  2 bullfrog skeletons
  A hound skeleton (D:4)
  8 adders
  An adder skeleton (D:4)
  A worm (D:3)
  A dart slug (D:3)
  6 orcs
  2 bats (D:2)
  7 endoplasms
  2 giant cockroaches
  6 goblins
  4 hobgoblins
  8 jackals
  A quokka (D:4)
  4 ball pythons
  7 frilled lizards
  5 kobolds
  8 rats
79 creatures vanquished.

Vanquished Creatures (others)
  2 plants (D:5)
2 creatures vanquished.

Grand Total: 81 creatures vanquished

Notes
Turn   | Place    | Note
-------+----------+-------------------------------------------
     0 | D:1      | selky the Minotaur Monk began the quest for the Orb.
     0 | D:1      | Reached XP level 1. HP: 19/19 MP: 0/0
   166 | D:1      | Reached skill level 4 in Axes
   682 | D:1      | Reached XP level 2. HP: 21/26 MP: 1/1
   761 | D:1      | Found a faded altar of an unknown god.
  1133 | D:2      | Reached skill level 5 in Axes
  1133 | D:2      | Reached XP level 3. HP: 23/31 MP: 2/2
  2219 | D:3      | Reached skill level 6 in Axes
  2219 | D:3      | Reached XP level 4. HP: 26/39 MP: 3/3
  2439 | D:3      | Found a sacrificial altar of Ru.
  2446 | D:3      | Became a worshipper of Ru the Awakened
  2459 | D:3      | Gained mutation: Your magical capacity is low. (-10% MP)
                  | [Ru sacrifice]
  2478 | D:3      | Found a basalt altar of Yredelemnul.
  2834 | D:4      | Reached XP level 5. HP: 45/45 MP: 3/3
  2876 | D:4      | Reached skill level 7 in Axes
  2948 | D:4      | Reached skill level 8 in Axes
  3078 | D:4      | Reached XP level 6. HP: 51/51 MP: 4/4
  3420 | D:5      | Entered Level 5 of the Dungeon
  3574 | D:5      | Reached skill level 9 in Axes
  3622 | D:5      | Noticed a water moccasin
  3636 | D:5      | Slain by a water moccasin

Illustrated notes

Levels and vault maps discovered:
D:1:      erik_arrival_cave_to_civilisation [erik_arrival_cave_to_hall],
          layout_basic, shapermc_ecumenical_altar_starsandcircs
D:2:      layout_basic
D:3:      layout_rooms, mainiacjoe_overflow_swirl
D:4:      layout_loops_ring
D:5:      layout_loops_corners, minmay_temple_entry_junction, serial_shops,
          shop, serial_bayou_lagoon_a

Skill      XL: |  1  2  3  4  5  6 |
---------------+-------------------+-----
Axes           | 4 5 6 8 9 |  9.5
Fighting       | |  3.6
Dodging        | |  3.2
Stealth        | |  1.5

Action                   |  1- 3 |  4- 6 || total
-------------------------+-------+-------++-------
Melee: Hand axe          |   100 |    26 ||   126
       Headbutt          |    16 |    12 ||    28
       Punch             |     2 |     2 ||     4
       War axe           |       |    65 ||    65
Invok: Sacrifice Essence |       |     1 ||     1
  Use: Potion            |       |     1 ||     1
Armor: Robe              |     2 |       ||     2
       Scale mail        |    25 |    45 ||    70
Dodge: Dodged            |    50 |    55 ||   105
